 Dungeon Crawl Stone Soup version 0.27-a0-54-g64bdb92e38 (webtiles) character file.

Game seed: 14980035791192661548

53 lunkers the Stinger (level 3, 0/24 HPs)
             Began as a Merfolk Venom Mage on Jan 7, 2021.
             Slain by an adder (5 damage)
             ... on level 1 of the Dungeon.
             The game lasted 00:01:05 (1781 turns).

lunkers the Stinger (Merfolk Venom Mage)            Turns: 1781, Time: 00:01:06

Health: 0/24       AC:  3    Str:  8    XL:     3   Next: 87%
Magic:  1/7        EV: 13    Int: 15    God:
Gold:   57         SH:  0    Dex: 14    Spells: 6/7 levels left

rFire    . . .     SeeInvis .   (no weapon)
rCold    . . .     Faith    .   (no shield)
rNeg     . . .     Spirit   .   a - +0 robe
rPois    .         Reflect  .   c - +0 helmet
rElec    .         Harm     .   (no cloak)
rCorr    .         Rampage  .   (no gloves)
Will     .....                  (no boots)
Stlth    ++........             (no amulet)
HPRegen  0.08/turn              (no ring)
MPRegen  0.10/turn              (no ring)

@: very slightly contaminated
A: change form in water, swift swim, stealthy swim
a: no special abilities


You were on level 1 of the Dungeon.
You visited 1 branch of the dungeon, and saw 2 of its levels.

You collected 57 gold pieces.

Inventory:

Armour
 a - a +0 robe (worn)
 c - a +0 helmet (worn)
Scrolls
 b - 4 scrolls of identify {unknown}
 e - a scroll of amnesia {unknown}
Potions
 d - a potion of heal wounds {unknown}
 f - a potion of cancellation {unknown}
 g - a potion of mutation {unknown}


   Skills:
 - Level 2.6 Dodging
 - Level 2.1 Stealth
 + Level 2.6 Spellcasting
 - Level 1.3 Transmutations
 * Level 4.6 Poison Magic


You had 6 spell levels left.
You knew the following spells:

 Your Spells              Type           Power        Failure   Level
a - Sting                 Tmut/Pois      44%          6%          1

Your spell library contained the following spells:

 Spells                   Type           Power        Failure   Level
 Poisonous Vapours        Pois/Air       16%          12%         2
 Ignite Poison            Fire/Tmut/Pois 8%           26%         3
 Olgreb's Toxic Radiance  Pois           15%          30%         4
 Mephitic Cloud           Conj/Pois/Air  6%           32%         3


Dungeon Overview and Level Annotations

Branches:
Dungeon (2/15)

Altars:


Message History

Confirm with . or Enter, or press ? or * to list all spells.
Aiming: Sting (safe; 6% risk of failure)
Press: ? - help, Shift-Dir - straight line, f/p - hobgoblin
Aim: a hobgoblin, wielding a +0 club (moderately wounded, very poisoned, 29% to evade)
The sting hits the hobgoblin.
The hobgoblin looks even sicker.
You kill the hobgoblin!
The adder closely misses you.
Unknown command.
Unknown command.
Casting: Sting (safe; 6% risk of failure)
Confirm with . or Enter, or press ? or * to list all spells.
Aiming: Sting (safe; 6% risk of failure)
Press: ? - help, Shift-Dir - straight line, f - adder
Aim: an adder (severely wounded, poisoned, 47% to evade)
The sting hits the adder but does no damage.
The adder looks even sicker.
The adder is severely wounded.
* * * LOW MAGIC WARNING * * *
The adder bites you.
You die...

#..## #.)..#.# ##.....## #
##..######.#.##.# ##...##
.....##......##.# ##+##
.....##.##.#.##.# #.#
.....##.##.#....#######.# ###
....###.##.#..[.......#.###.##
...####.##...>............>..##
....###.####..#######.....#.#.##
.....##.# #...S@........##.##.##
.....##.####.##########.###......
.............# #..#####.##
......######## #.#..##.## ##....#
####...### #....## ######
#≈≈≈≈≈≈# ..#### ##....# ####...#
.## #####..##.## #.##### ##
#.....##...# #.#


You could see an adder (very poisoned).

Vanquished Creatures
  Jessica (D:1)
  A worm (D:1)
  A leopard gecko (D:1)
  8 giant cockroaches
  3 hobgoblins (D:1)
  A bat (D:1)
  2 frilled lizards (D:1)
  A kobold (D:1)
  5 rats (D:1)
23 creatures vanquished.

Vanquished Creatures (others)
  A fungus (D:2)
1 creature vanquished.

Grand Total: 24 creatures vanquished

Notes
Turn   | Place    | Note
-------+----------+-------------------------------------------
     0 | D:1      | lunkers the Merfolk Venom Mage began the quest for the Orb.
     0 | D:1      | Reached XP level 1. HP: 13/13 MP: 3/3
   387 | D:1      | Reached XP level 2. HP: 15/19 MP: 0/5
  1014 | D:1      | Reached skill level 4 in Poison Magic
  1524 | D:2      | Noticed Jessica
  1540 | D:1      | Reached XP level 3. HP: 9/24 MP: 0/6
  1729 | D:1      | Killed Jessica
  1781 | D:1      | Slain by an adder

Illustrated notes

Levels and vault maps discovered:
D:1:      dpeg_arrival_prison, layout_loops_corners,
          chequers_serial_rivers_micro_b, kennysheep_decorative_pillar,
          minmay_worlds_worst_comb
D:2:      layout_loops_ring, uniq_crazy_yiuf_cottage, uniq_jessica

Skill      XL: |  1  2 |
---------------+-------+-----
Poison Magic   | 4 |  4.6
Dodging        | |  2.6
Stealth        | |  2.1
Spellcasting   | |  2.6
Transmutations | |  1.3

Action                   || total
-------------------------++-------
Melee: Unarmed           ||     6
 Cast: Sting             ||    50
Armor: Robe              ||     3
Dodge: Dodged            ||    16

Table legend: (Time is in decaauts)
 A = Elapsed time spent in this place.
 B = Non-inter-level travel time spent in this place.
 C = Inter-level travel time spent in this place.
 D = Time resting spent in this place.
 E = Time spent auto-exploring this place.
 F = Levels seen in this place.
 G = Mean time per level.
                   A        B        C        D        E       F      G
               +--------+--------+--------+--------+--------+-----+--------+
         Total |   1787 |   1696 |     91 |    211 |   1331 |   2 |  893.5 |
       Dungeon |   1787 |   1696 |     91 |    211 |   1331 |   2 |  893.5 |
               +--------+--------+--------+--------+--------+-----+--------+

Top non-repeatable levels by time:
     D:1: 1774 daAuts
     D:2: 13 daAuts
